 Dungeon Crawl Stone Soup version 0.21-a0-529-g8c7b3f5 (webtiles) character file.

352 Celandrion the Agent of Entropy (level 6, 0/49 HPs)
             Began as a Demonspawn Abyssal Knight on Dec 10, 2017.
             Was a Priest of Lugonu.
             Slain by a centaur (3 damage)
             ... on level 4 of the Dungeon.
             The game lasted 00:08:12 (4341 turns).

Celandrion the Agent of Entropy (DsAK)              Turns: 4341, Time: 00:08:13

Health: 0/49       AC:  4    Str: 12    XL:     6   Next: 34%
Magic:  9/9        EV: 12    Int: 15    God:    Lugonu [***...]
Gold:   246        SH:  0    Dex: 13    Spells: 5/5 levels left

rFire    . . .     SeeInvis .   a - +2 mace
rCold    . . .     Gourm    .   (no shield)
rNeg     . . .     Faith    .   t - +0 leather armour
rPois    +         Spirit   .   (helmet restricted)
rElec    .         Reflect  .   (no cloak)
rCorr    .         Harm     .   (no gloves)
MR       .....                  o - +0 pair of boots
Stlth    +.........             (no amulet)
HPRegen  0.16/turn              p - ring of poison resistance
MPRegen  0.11/turn              x - +4 ring of slaying

@: no status effects
A: horns 2
a: Depart the Abyss, Bend Space, Banish, Renounce Religion


You were on level 4 of the Dungeon.
You worshipped Lugonu.
Lugonu was most pleased with you.
You were not hungry.

You visited 1 branch of the dungeon, and saw 4 of its levels.
You visited the Abyss 1 time.

You collected 246 gold pieces.

Inventory:

Hand Weapons
 a - a +2 mace (weapon)
 b - a +0 hunting sling
 A - a +1 short sword of holy wrath
Missiles
 u - 109 stones
 v - 28 sling bullets
 B - 3 tomahawks (quivered)
Armour
 o - a +0 pair of boots (worn)
 t - a +0 leather armour (worn)
Jewellery
 g - an uncursed ring of positive energy
 p - a ring of poison resistance (left hand)
 x - a +4 ring of slaying (right hand)
 E - an uncursed ring of protection from magic
Scrolls
 e - a scroll of amnesia {unknown}
 h - a scroll of enchant armour {unknown}
 i - 3 scrolls of enchant weapon
 k - a scroll of noise {unknown}
 l - a scroll of magic mapping {unknown}
 n - 3 scrolls of identify {unknown}
 y - a scroll of fog {unknown}
 D - a scroll of blinking {unknown}
 G - a scroll of remove curse
Potions
 d - a potion of agility {unknown}
 j - a potion of lignification {unknown}
 m - a potion of heal wounds {unknown}
 r - a potion of brilliance {unknown}
 s - 4 potions of curing {unknown}
 w - a potion of ambrosia {unknown}
 z - a potion of resistance {unknown}
 C - a potion of might {unknown}
Comestibles
 c - 5 bread rations
 f - 4 meat rations
 q - a royal jelly
 F - a chunk of flesh


   Skills:
 + Level 4.5 Fighting
 + Level 3.4 Maces & Flails
 - Level 1.8 Armour
 + Level 2.8 Dodging
 + Level 4.6 Invocations


You had 5 spell levels left.
You didn't know any spells.

Dungeon Overview and Level Annotations

Branches:
Dungeon (4/15)
 Temple: D:4-7

Altars:
Fedhas
Nemelex Xobeh
Trog
Uskayaw

Annotations:
D:3 2 transporters


Innate Abilities, Weirdness & Mutations

You have a pair of horns on your head.


Message History

* * * LOW HITPOINT WARNING * * *
You hit the centaur.
The centaur is almost dead.
The centaur misses you. The centaur barely misses you.
You closely miss the centaur. Your headbutt misses the centaur.
The centaur is almost dead.
The centaur closely misses you.
You hit the centaur but do no damage.
The centaur is almost dead.
The centaur misses you. The centaur closely misses you.
You closely miss the centaur.
The centaur is almost dead.
The centaur closely misses you. The centaur hits you.
* * * LOW HITPOINT WARNING * * *
You hit the centaur but do no damage.
The centaur is almost dead.
The centaur hits you.
* * * LOW HITPOINT WARNING * * *
The centaur hits you.
You die...

.......... ............
.........# #.#
............ ........##
#.# .............
.######.# #.#
............. ## .#
##.## #............ # #
#...###..........## #
####...##.........### #
.PPP..c<......#####...##
# PP.....@......##
##.... #
P_PP.#..((.....## ##...
## P.P...##..###..##
##..# .#


PPP... #..# ##..###.... .# .....# #..# ##........ .## ##.##. #..# #........ #.##
#. .. #).# ##....... ##.## # ##. ##.. #........ ##.### #... #....####. You could
see a centaur.

Vanquished Creatures
  Menkaure (D:3)
  A bullfrog skeleton (D:3)
  A worker ant (D:4)
  3 adders
  A shadow imp (D:3)
  3 oozes
  4 worms
  3 dart slugs
  4 leopard geckos
  5 orcs
  5 giant cockroaches
  4 goblins (D:2)
  7 hobgoblins
  14 jackals
  9 kobolds
  A ball python (D:3)
  14 bats
  4 frilled lizards
  11 rats
95 creatures vanquished.

Vanquished Creatures (others)
  A worker ant (D:3)
1 creature vanquished.

Grand Total: 96 creatures vanquished

Notes
Turn   | Place    | Note
-------+----------+-------------------------------------------
     0 | Abyss:1  | Celandrion the Demonspawn Abyssal Knight began the quest for the Orb.
     0 | Abyss:1  | Reached XP level 1. HP: 18/18 MP: 2/2
    46 | Abyss:1  | Noticed a ynoxinul
    52 | D:1      | Escaped the Abyss
   322 | D:1      | Reached * piety under Lugonu
   322 | D:1      | Gained mutation: You have a pair of small horns on your head. [demonic ancestry]
   322 | D:1      | Reached XP level 2. HP: 15/24 MP: 3/3
   678 | D:1      | Reached skill level 1 in Dodging
  1039 | D:1      | Reached XP level 3. HP: 29/29 MP: 5/5
  1670 | D:2      | Found a hide-covered altar of Uskayaw.
  2020 | D:2      | Reached XP level 4. HP: 23/37 MP: 6/6
  2215 | D:2      | Reached ** piety under Lugonu
  2363 | D:2      | Noticed a moth of wrath
  2366 | D:2      | Found a bloodstained altar of Trog.
  2733 | D:3      | Gained mutation: You have a pair of horns on your head. [demonic ancestry]
  2733 | D:3      | Reached XP level 5. HP: 21/42 MP: 7/7
  2754 | D:3      | Found a transporter.
  2939 | D:3      | Noticed a centaur
  2942 | D:3      | Found a transporter.
  2951 | D:3      | Found a sparkling altar of Nemelex Xobeh.
  3122 | D:3      | Reached *** piety under Lugonu
  3408 | D:4      | Noticed Menkaure
  3417 | D:3      | Killed Menkaure
  3417 | D:3      | Reached XP level 6. HP: 22/49 MP: 7/9
  4331 | D:4      | Found a blossoming altar of Fedhas.
  4341 | D:4      | Slain by a centaur

Vault maps used:
D:1:      minmay_arrival_solitary_statue, hangedman_decor_diamond_cutter
D:2:      lemuel_doored_altar, tgw_trog, minmay_joined_circles
D:3:      gammafunk_temple_overflow_arena, first_bread
D:4:      kennysheep_slug_shrine, nicolae_overflow_crystal_walls,
          fedhas_bush_and_centaur_altar, kennysheep_generic_room_15,
          uniq_menkaure

Skill      XL: |  1  2  3  4  5 |
---------------+----------------+-----
Maces & Flails | 2 3 |  3.4
Dodging        | 1 2 |  2.8
Invocations    | 3 4 |  4.6
Fighting       | 4 |  4.5
Armour         | |  1.8

Action                   |  1- 3 |  4- 6 || total
-------------------------+-------+-------++-------
Melee: Mace              |   111 |   115 ||   226
       Headbutt          |    14 |    14 ||    28
 Fire: Hunting sling     |       |     9 ||     9
Invok: Depart the Abyss  |     1 |       ||     1
       Banish            |       |     1 ||     1
  Use: Scroll            |     3 |     1 ||     4
  Eat: Chunk             |     3 |     8 ||    11
Armor: Leather armour    |    27 |    31 ||    58
Dodge: Dodged            |    62 |    89 ||   151

Table legend:
 A = Spawn XP
 B = Non-spawn XP
 C = Spawn XP percentage of total XP
 D = Spawn monster count
 E = Non-spawn monster count
 F = Spawn count percentage of total count
 G = Total turns spent on level
                    A         B        C        D         E        F      G
               +---------+---------+-------+---------+---------+-------+---------
         Total |       0 |     503 |   0.0 |       0 |      96 |   0.0 |  4341
               +---------+---------+-------+---------+---------+-------+---------
           D:1 |       0 |      46 |   0.0 |       0 |      24 |   0.0 |  1370
           D:2 |       0 |     101 |   0.0 |       0 |      36 |   0.0 |  1232
           D:3 |       0 |     289 |   0.0 |       0 |      26 |   0.0 |  1040
           D:4 |       0 |      67 |   0.0 |       0 |      10 |   0.0 |   647
               +---------+---------+-------+---------+---------+-------+---------
